 Dungeon Crawl Stone Soup version 0.19-a0-790-ge39e1af (webtiles) character file.

30919 st0uf the Severer (level 13, -6/114 HPs)
             Began as a Minotaur Fighter on June 26, 2016.
             Was the Champion of Pakellas.
             Mangled by a large slime creature (35 damage)
             ... on level 12 of the Dungeon.
             The game lasted 01:16:15 (13631 turns).

st0uf the Severer (Minotaur Fighter)               Turns: 13631, Time: 01:16:15

Health: -6/114     AC: 13    Str: 21    XL:     13   Next: 23%
Magic:  18/18      EV: 19    Int:  5    God:    Pakellas [******]
Gold:   936        SH: 12    Dex: 15    Spells: 0 memorised, 12 levels left

rFire  + . .     SeeInvis .     a - +0 war axe
rCold  . . .     Gourm    .     b - +0 scale mail
rNeg   . . .     Faith    .     c - +0 shield
rPois  .         Spirit   .     (helmet restricted)
rElec  .         Dismiss  .     r - +1 cloak
rCorr  .         Reflect  .     Z - +0 pair of gloves
SustAt .         Harm     .     m - +0 pair of boots
MR     .....                    (no amulet)
Stlth  ..........               B - ring of protection from fire
                                h - +5 ring of evasion

@: not resistant to hostile enchantments, extremely unstealthy
A: retaliatory headbutt, horns 2
a: Quick Charge, Device Surge, Supercharge, Renounce Religion


You were on level 12 of the Dungeon.
You worshipped Pakellas.
Pakellas was exalted by your worship.
You were not hungry.

You visited 2 branches of the dungeon, and saw 15 of its levels.
You also visited: Ossuary.

You collected 936 gold pieces.

Inventory:

Hand Weapons
 a - a +0 war axe (weapon)
Armour
 b - a +0 scale mail (worn)
 c - a +0 shield (worn)
 m - a +0 pair of boots (worn)
 r - a +1 cloak (worn)
 T - a +0 buckler
 Z - a +0 pair of gloves (worn)
Rods
 P - a +2 lightning rod (1/11)
   (Pakellas gifted it to you on level 10 of the Dungeon)
Jewellery
 h - a +5 ring of evasion (left hand)
 B - a ring of protection from fire (right hand)
 X - an uncursed ring of protection from fire
Wands
 y - a wand of confusion (15/48)
 z - a wand of confusion (23/48)
 H - a wand of paralysis (11/24)
 J - a wand of heal wounds (8/9)
 M - a wand of teleportation (4/9)
 Q - a wand of lightning (0/15)
 R - a wand of iceblast (7/15)
 Y - a wand of iceblast (6/15)
Scrolls
 j - 2 scrolls of identify
 n - 2 scrolls of recharging {unknown}
 o - 5 scrolls of teleportation
 p - a scroll of enchant weapon {unknown}
 q - 8 scrolls of remove curse
 s - 2 scrolls of amnesia {unknown}
 u - 2 scrolls of random uselessness {unknown}
 C - 3 scrolls of magic mapping {unknown}
 D - 4 scrolls of noise {unknown}
 I - 3 scrolls of enchant armour {unknown}
 S - 2 scrolls of fear {unknown}
 V - a scroll of immolation {unknown}
 W - a scroll of holy word {unknown}
Potions
 d - 2 potions of might
 e - 3 potions of invisibility
 g - 10 potions of curing
 i - 3 potions of heal wounds
 l - a potion of flight
 t - 3 potions of resistance
 x - 3 potions of haste
 A - a potion of cancellation
 E - a potion of agility
 G - 4 potions of magic
 K - 3 potions of brilliance
 U - a potion of cure mutation
Miscellaneous
 w - a phantom mirror
 O - a disc of storms
Comestibles
 f - 13 bread rations
 k - 4 meat rations
 v - 7 slices of pizza
 F - 7 chunks of flesh
 L - 4 fruits
 N - 3 beef jerkies


   Skills:
 + Level 10.3 Fighting
 * Level 15.8 Axes
 + Level 9.5 Armour
 + Level 8.2 Dodging
 + Level 10.0 Shields
 * Level 9.0 Evocations


You had 12 spell levels left.
You didn't know any spells.

Dungeon Overview and Level Annotations

Branches:
Dungeon (14/15)            Temple (0/1) D:5            Lair (0/6) D:8
    Orc (1/2) D:12         Vaults (0/5) D:14

Altars:
Cheibriados
Dithmenos
Gozag
Pakellas
Vehumet

Shops:
D:2 *   D:7 =   D:11 :


Innate Abilities, Weirdness & Mutations

You reflexively headbutt those who attack you in melee.
You have a pair of horns on your head.


Message History

You slice the orc warlord!!
The orc warlord is almost dead.
You hit the large slime creature.
The large slime creature is lightly wounded.
The helpless orc warlord fails to defend itself.
You slash the orc warlord!
You kill the orc warlord!
Pakellas accepts your kill.
You feel your power returning.
Pakellas collects the excess magic power.
Your Evocations skill increases to level 9!
You hit the large slime creature but do no damage.
The large slime creature is lightly wounded.
The large slime creature hits you!
* * * LOW HITPOINT WARNING * * *
You slash the large slime creature!
The large slime creature is lightly wounded.
The large slime creature hits you!!
You die...
Pakellas says: Time to start the next experiment...

#≈≈≈≈≈##.......#
##≈≈≈###.......# ##≈##
#..§....# ###
#..≈§...###############
#......()((.......J..<#
#
#######J####.##########
###### #.# ##J# #.#
.##..###.# #J###.#
#(.#.##..## ####@##.#
##.Z..Z...###..#)##.#
#.#.#.#.###..###.##.#
##...##..#.##..).##.#
#.#.#....#..#)..##.#
####..##....(...##.#
#.#...###)..####.#
##.###..#.(#..###.#
#........>...##.#.#


You could see a large slime creature and 2 slime creatures.

Vanquished Creatures
  Maud (D:13)
  An orc warlord (D:12)
  Josephine (D:13)
  A hydra (D:13)
  A ghost crab (shapeshifter) (D:13)
  Erica (D:10)
  Urug (D:13)
  4 unseen horrors
  5 hill giants
  An orc sorcerer (Orc:1)
  An ugly thing (D:10)
  4 cyclopes
  A gargoyle (D:11)
  A komodo dragon (D:11)
  A kobold demonologist (D:10)
  6 trolls
  4 two-headed ogres
  4 slime creatures
  A vampire (D:13)
  6 wraiths (D:13)
  A shadow (D:11)
  31 yaks
  5 hippogriffs
  A human (D:7)
  Eustachio (D:4)
  4 hungry ghosts
  Grum (D:8)
  A mottled dragon (D:13)
  2 water moccasins
  4 ice beasts
  2 black bears
  4 sky beasts
  8 orc warriors
  A wasp (D:13)
  An eye of draining (D:12)
  4 phantoms
  3 ogres
  4 wolves (D:8)
  2 centaurs
  3 big kobolds
  6 giant frogs
  A gnoll sergeant (D:9)
  A water moccasin zombie (Ossuary)
  A wyvern skeleton (D:13)
  A scorpion (D:9)
  5 killer bees
  A troll zombie (D:12)
  6 wights
  An electric eel (D:12)
  5 howler monkeys
  4 crimson imps
  4 centaur zombies
  4 giant frog zombies (Ossuary)
  5 hounds
  A quasit (D:6)
  A wasp zombie (D:9)
  5 jellies
  5 orc priests
  2 centaur skeletons
  4 giant frog skeletons
  Natasha (D:3)
  17 orc wizards
  11 worker ants
  5 sheep
  A killer bee zombie (Ossuary)
  5 ogre zombies (D:12)
  13 mummies (Ossuary)
  4 worker ant zombies
  6 gnolls
  12 adders
  3 shadow imps (D:5)
  An ooze (D:1)
  2 worms
  4 giant geckos
  48 orcs
  2 ball pythons (D:1)
  8 bats
  8 giant cockroaches
  8 goblins
  8 hobgoblins
  10 jackals
  16 kobolds
  A quokka (D:3)
  A ball python zombie (Ossuary)
  A giant cockroach zombie (Ossuary)
  A giant gecko zombie (Ossuary)
  4 giant newts
  A goblin skeleton (D:12)
  5 goblin zombies
  A hobgoblin skeleton (D:12)
  4 hobgoblin zombies (D:12)
  2 jackal skeletons
  An orc skeleton (D:12)
  8 orc zombies (D:12)
  11 rats
  A rat zombie (D:5)
427 creatures vanquished.

Vanquished Creatures (others)
  An orc wizard (D:8)
  2 withered plants (Ossuary)
3 creatures vanquished.

Grand Total: 430 creatures vanquished

Notes
Turn   | Place    | Note
--------------------------------------------------------------
     0 | D:1      | st0uf the Minotaur Fighter began the quest for the Orb.
     0 | D:1      | Reached XP level 1. HP: 19/19 MP: 0/0
    88 | D:1      | Reached XP level 2. HP: 27/27 MP: 1/1
   217 | D:1      | Reached skill level 3 in Axes
   569 | D:2      | Reached XP level 3. HP: 33/33 MP: 2/2
   797 | D:2      | Found an opulent altar of Gozag.
   801 | D:2      | Found Gozag's Platinum Reserve.
  1446 | D:3      | Reached XP level 4. HP: 5/41 MP: 3/3
  1781 | D:3      | Reached skill level 1 in Dodging
  1823 | D:3      | Reached XP level 5. HP: 44/47 MP: 4/4
  1972 | D:3      | Reached skill level 4 in Axes
  2104 | D:3      | Found a faded altar of an unknown god.
  2234 | D:3      | Noticed Natasha
  2241 | D:3      | Killed Natasha
  2432 | D:3      | Found an oddly glowing altar of Pakellas.
  2433 | D:3      | Found a radiant altar of Vehumet.
  2439 | D:3      | Became a worshipper of Pakellas the Inventive
  2766 | D:4      | Noticed Eustachio
  2804 | D:4      | Killed Eustachio
  2804 | D:4      | Reached skill level 5 in Axes
  2804 | D:4      | Reached skill level 5 in Shields
  2804 | D:4      | Reached skill level 1 in Evocations
  2804 | D:4      | Reached XP level 6. HP: 44/55 MP: 5/5
  2839 | D:4      | Reached skill level 5 in Fighting
  2839 | D:4      | Reached skill level 5 in Armour
  3033 | D:5      | Entered Level 5 of the Dungeon
  3079 | D:5      | Reached * piety under Pakellas
  3079 | D:5      | Received a gift from Pakellas
  3079 | D:5      | Reached XP level 7. HP: 58/61 MP: 5/7
  3233 | D:5      | Found a sand-covered staircase.
  3242 | Ossuary  | Entered an ossuary
  3293 | Ossuary  | Reached skill level 6 in Axes
  3442 | Ossuary  | Reached XP level 8. HP: 69/69 MP: 8/8
  3465 | Ossuary  | Reached ** piety under Pakellas
  3465 | Ossuary  | Received a gift from Pakellas
  3599 | D:5      | Reached skill level 7 in Axes
  3739 | D:5      | Found a staircase to the Ecumenical Temple.
  3861 | D:5      | Got a pair of polished boots
  3862 | D:5      | Identified the cursed -6 pair of boots of Altruism {rN+ Stlth+} (You found it on level 5 of the Dungeon)
  4525 | D:6      | Reached skill level 8 in Axes
  5184 | D:7      | Reached XP level 9. HP: 69/78 MP: 6/10
  5406 | D:7      | Found Ziloc's Jewellery Boutique.
  5451 | D:7      | Reached skill level 9 in Axes
  5479 | D:7      | Reached *** piety under Pakellas
  5479 | D:7      | Received a gift from Pakellas
  5977 | D:8      | Found a staircase to the Lair.
  6126 | D:8      | Reached skill level 10 in Axes
  6222 | D:8      | Noticed Grum
  6233 | D:8      | HP: 4/80 [Grum/spear (13)]
  6236 | D:8      | Killed Grum
  6489 | D:8      | Reached **** piety under Pakellas
  6489 | D:8      | Received a gift from Pakellas
  6552 | D:8      | Reached XP level 10. HP: 88/88 MP: 12/12
  6894 | D:9      | Reached skill level 11 in Axes
  7176 | D:9      | Found a snail-covered altar of Cheibriados.
  7186 | D:9      | Reached skill level 5 in Dodging
  7623 | D:10     | Entered Level 10 of the Dungeon
  7859 | D:10     | Noticed a smoke demon
  7864 | D:10     | Noticed a sixfirhy
  7966 | D:10     | Noticed Erica
  7981 | D:10     | Killed Erica
  7981 | D:10     | Reached ***** piety under Pakellas
  7981 | D:10     | Received a gift from Pakellas
  7981 | D:10     | Reached skill level 5 in Evocations
  8237 | D:10     | Noticed a hill giant
  8255 | D:10     | Killed a hill giant
  8255 | D:10     | Reached skill level 12 in Axes
  8467 | D:10     | Reached XP level 11. HP: 38/95 MP: 14/14
  9119 | D:11     | Killed an unseen horror
  9252 | D:11     | Found Baefyb Yluurr's Book Shop.
  9351 | D:11     | Noticed a hill giant
  9363 | D:11     | Killed a hill giant
  9661 | D:11     | Reached skill level 13 in Axes
  9788 | D:11     | Noticed a white ugly thing
  9827 | D:10     | Killed a white ugly thing
 10236 | D:11     | Killed an unseen horror
 10475 | D:12     | Found a staircase to the Orcish Mines.
 10651 | D:12     | Reached XP level 12. HP: 104/104 MP: 11/16
 10866 | D:12     | Reached skill level 14 in Axes
 11502 | D:12     | Reached ****** piety under Pakellas
 12130 | D:13     | Noticed a ghost crab
 12130 | D:13     | a tarantella changed into a ghost crab
 12136 | D:13     | Killed a ghost crab
 12144 | D:13     | Noticed an eight-headed hydra
 12150 | D:13     | Killed an eight-headed hydra
 12344 | D:13     | Found a shadowy altar of Dithmenos.
 12346 | D:13     | Noticed Maud
 12387 | D:13     | Killed Maud
 12387 | D:13     | Reached skill level 10 in Fighting
 12387 | D:13     | Reached skill level 15 in Axes
 12987 | D:13     | Noticed Josephine
 12996 | D:13     | Killed Josephine
 13285 | D:13     | Noticed Urug
 13297 | D:13     | Killed Urug
 13297 | D:13     | Reached XP level 13. HP: 86/113 MP: 2/18
 13356 | D:14     | Found a gate to the Vaults.
 13472 | Orc:1    | Entered Level 1 of the Orcish Mines
 13599 | Orc:1    | Noticed an orc warlord
 13603 | Orc:1    | Reached skill level 10 in Shields
 13630 | D:12     | Killed an orc warlord
 13631 | D:12     | Mangled by a large slime creature

Vault maps used:
D:1:      minmay_arrival_checkered_box
D:2:      nicolae_gozag_zags_fifth_avenue
D:3:      gammafunk_temple_overflow_pools, ecumenical_altar_2,
          minmay_misc_feat_cross, minmay_liquid_box, uniq_natasha
D:4:      uniq_eustachio
D:5:      first_bread, enter_ossuary_4
D:7:      serial_shops, nicolae_shop_trees, grunt_livestock
D:8:      dpeg_lair_monsters, uniq_grum
D:9:      old_standard_altar
D:10:     uniq_erica
D:11:     serial_shops, shop, hangedman_glass_teeth
D:12:     zombieorc1_lemuel
D:13:     nicolae_dithmenos_the_darkroom, uniq_urug, uniq_maud, uniq_josephine
D:14:     david_vaults_3, minmay_misc_feat_pillars, special_room
Orc:1:    basic_altar
Ossuary:  ossuary_zaba_flooded

Skill      XL: |  1  2  3  4  5  6  7  8  9 10 11 12 13 |
---------------+----------------------------------------+-----
Fighting       | 4 5 6 7 8 9 10 | 10.3
Axes           | 3 5 6 8 10 12 13 15 | 15.8
Armour         | 4 5 6 7 8 9 |  9.5
Shields        | 4 5 6 7 8 9 10 | 10.0
Dodging        | 1 2 3 4 5 7 8 |  8.2
Evocations     | 1 2 3 4 5 7 8 9 |  9.0

Action                   |  1- 3 |  4- 6 |  7- 9 | 10-12 | 13-15 || total
-------------------------+-------+-------+-------+-------+-------++-------
Melee: War axe           |    86 |   105 |   364 |   700 |    66 ||  1321
       Headbutt          |    15 |    13 |    77 |   162 |    17 ||   284
Invok: Quick Charge      |       |       |     2 |    21 |       ||    23
Evoke: Wand              |       |       |     1 |    55 |     9 ||    65
       Rod               |       |       |       |    33 |     4 ||    37
  Use: Potion            |       |     1 |       |       |       ||     1
       Scroll            |       |       |     2 |    12 |       ||    14
 Stab: Confused          |       |       |       |     1 |     1 ||     2
       Paralysed         |       |       |       |    35 |     6 ||    41
  Eat: Chunk             |     2 |     5 |    17 |    24 |     2 ||    50
       Pizza             |       |       |       |     1 |       ||     1
       Royal jelly       |       |       |       |     1 |       ||     1
Armor: Scale mail        |    24 |    20 |    98 |   161 |     7 ||   310
Dodge: Dodged            |    38 |    43 |   211 |   333 |    20 ||   645
Block: Shield            |    43 |    46 |   192 |   343 |    34 ||   658
